 Dungeon Crawl Stone Soup version 0.29-a0-418-gc0181ea820 (webtiles) character file.

Game seed: 4820852623505200533

296 xian the Skirmisher (level 6, -7/66 HPs)
             Began as an Ogre Fighter on May 18, 2022.
             Mangled by Edmund
             ... wielding a +2 flail of protection
              (8 damage)
             ... on level 4 of the Dungeon.
             The game lasted 00:11:26 (5867 turns).

xian the Skirmisher (Ogre Fighter)                  Turns: 5867, Time: 00:11:27

Health: -7/66      AC:  3    Str: 23    XL:     6   Next: 34%
Magic:  6/6        EV:  9    Int:  9    God:
Gold:   274        SH:  7    Dex:  8    Spells: 5/5 levels left

rFire   . . .      SeeInvis .   a - +0 trident
rCold   . . .      Faith    .   c - +0 kite shield
rNeg    . . .      Spirit   .   b - +0 robe
rPois   .          Reflect  .   (helmet restricted)
rElec   .          Harm     .   (no cloak)
rCorr   .          Rampage  .   (gloves unavailable)
Will    .....                   (boots unavailable)
Stlth   +.........              (no amulet)
HPRegen 0.21/turn               (no ring)
MPRegen 0.10/turn               (no ring)

@: no status effects
A: large, unfitting armour, tough skin 1
a: no special abilities


You were on level 4 of the Dungeon.
You visited 1 branch of the dungeon, and saw 4 of its levels.

You collected 274 gold pieces.

Inventory:

Hand Weapons
 a - a +0 trident (weapon)
Missiles
 l - a poisoned dart (quivered)
Armour
 b - a +0 robe (worn)
 c - a +0 kite shield (worn)
Jewellery
 p - an amulet of magic regeneration
Scrolls
 e - 3 scrolls of vulnerability
 f - a scroll of blinking {unknown}
 g - a scroll of immolation
 h - a scroll of noise {unknown}
 m - a scroll of fog {unknown}
 n - a scroll of amnesia {unknown}
 o - a scroll of teleportation {unknown}
 q - a scroll of torment {unknown}
 s - a scroll of magic mapping {unknown}
Potions
 d - a potion of might
 i - 3 potions of berserk rage
 j - a potion of flight
 k - 2 potions of curing
 r - a potion of degeneration {unknown}


   Skills:
 + Level 5.2 Fighting
 + Level 4.1 Polearms
 + Level 1.0 Throwing
 + Level 3.8 Dodging
 + Level 0.6 Stealth
 + Level 3.8 Shields


You had 5 spell levels left.
You didn't know any spells.
Your spell library contained the following spells:

 Spells                   Type           Power      Damage    Failure   Level
 Animate Skeleton         Necr           0%         N/A       67%         1
 Pain                     Necr           0%         1d4       67%         1
 Scorch                   Fire           0%         2d5       82%         2
 Vampiric Draining        Necr           0%         2d6       96%         3
 Flame Wave               Conj/Fire      0%         2d4       100%        4
 Summon Cactus Giant      Summ           0%         N/A       100%        6


Dungeon Overview and Level Annotations

Branches:
Dungeon (4/15)
 Temple: D:4-7

Altars:
Hepliaklqana
Makhleb
Vehumet

Shops:
D:2 =

Annotations:
D:4 Edmund


Innate Abilities, Weirdness & Mutations

You are too large for most types of armour.
You have tough skin. (AC +1)


Message History

Edmund barely misses you. The hound zombie bites you.
You hit Edmund.
Edmund is moderately wounded.
Edmund barely misses you. The hound zombie bites you.
Edmund hits you with a +2 flail of protection.
The hound zombie bites you but does no damage.
You hit Edmund.
Edmund is moderately wounded.
The hound zombie bites you.
* * * LOW HITPOINT WARNING * * *
Edmund hits you with a +2 flail of protection!
* * * LOW HITPOINT WARNING * * *
You closely miss Edmund.
Edmund is moderately wounded.
The hound zombie bites you but does no damage.
Edmund hits you with a +2 flail of protection.
* * * LOW HITPOINT WARNING * * *
The hound zombie bites you but does no damage.
You hit Edmund but do no damage.
Edmund is moderately wounded.
You block the hound zombie's attack. Edmund closely misses you.
The hound zombie completely misses you.
You closely miss Edmund.
Edmund is moderately wounded.
Edmund barely misses you.
The hound zombie bites you but does no damage.
Edmund hits you with a +2 flail of protection.
* * * LOW HITPOINT WARNING * * *
You hit Edmund.
Edmund is moderately wounded.
The hound zombie barely misses you.
Edmund hits you with a +2 flail of protection.
* * * LOW HITPOINT WARNING * * *
The hound zombie bites you.
* * * LOW HITPOINT WARNING * * *
You hit Edmund.
Edmund is heavily wounded.
The hound zombie closely misses you.
Edmund hits you with a +2 flail of protection!
You die...

##### ##..#
..#.###.#.#####....#
_.##.#)##..........
..#....)).### #. ..
#########)# ## . ?# #.#
#...#(# #.# #..#..#
..#####.###.#.@.#
#........##.##@#
#######..##.##Z#
##...##.##.#
######....##.##.#######
...............(.......
######.................
##)####g##.##..Z.#
#......##.# ..88#
#......##.# 8.P.


You could see Edmund and a hound zombie.

Vanquished Creatures
  A crimson imp (D:3)
  An iguana (D:4)
  A scorpion zombie (D:4)
  Natasha (thrice) (D:3)
  A hound skeleton (D:4)
  Robin (D:4)
  3 adders
  An adder zombie (D:4)
  A worm (D:2)
  3 orcs
  5 endoplasms
  2 giant cockroaches (D:3)
  16 goblins
  10 hobgoblins
  6 kobolds
  4 quokkas
  4 ball pythons
  6 bats
  3 frilled lizards
  6 rats
78 creatures vanquished.

Vanquished Creatures (others)
  4 withered plants (D:4)
4 creatures vanquished.

Grand Total: 82 creatures vanquished

Notes
Turn   | Place    | Note
-------+----------+-------------------------------------------
     0 | D:1      | xian the Ogre Fighter began the quest for the Orb.
     0 | D:1      | Reached XP level 1. HP: 24/24 MP: 1/1
   206 | D:1      | Reached XP level 2. HP: 21/32 MP: 2/2
   575 | D:1      | Reached XP level 3. HP: 40/40 MP: 3/3
  1384 | D:2      | Found Ytiopp's Jewellery Boutique.
  1698 | D:2      | Reached XP level 4. HP: 13/49 MP: 4/4
  2544 | D:3      | Found a radiant altar of Vehumet.
  2544 | D:3      | Found a burning altar of Makhleb.
  2652 | D:3      | Reached XP level 5. HP: 36/55 MP: 5/5
  3011 | D:3      | Noticed Natasha
  3024 | D:3      | Killed Natasha
  3025 | D:3      | Reached skill level 5 in Fighting
  3261 | D:3      | Noticed Natasha
  3268 | D:3      | Killed Natasha
  3537 | D:3      | Noticed Natasha
  3549 | D:3      | Killed Natasha
  5242 | D:4      | Reached XP level 6. HP: 66/66 MP: 6/6
  5367 | D:4      | Found a hazy altar of Hepliaklqana.
  5447 | D:4      | Noticed Robin
  5469 | D:4      | Reached skill level 1 in Throwing
  5474 | D:4      | Killed Robin
  5846 | D:4      | Noticed Edmund
  5866 | D:4      | HP: 3/66 [Edmund/+2 flail of protection (2)]
  5866 | D:4      | HP: 1/66 [hound zombie (2)]
  5867 | D:4      | Mangled by Edmund

Illustrated notes

Levels and vault maps discovered:
D:1:      sevenhm_arrival_forest_fort_large_3, layout_basic, lemuel_old_faithful
D:2:      layout_basic, serial_shops, nicolae_shop_advertising_works
          [nicolae_subvault_shop_adworks]
D:3:      layout_loops_ring, grunt_temple_overflow_lords_of_destruction,
          nicolae_overflow_hidden_temple, dreamdust_wishing_well, uniq_natasha
D:4:      layout_loops_ring, nicolae_elyvilon_peaceful_grove,
          nzn_hepliaklqana_mist_gate, temple_pool_b, serial_undead,
          serial_undead_e, serial_undead_c, serial_undead_f, serial_undead_c,
          serial_undead_d, serial_undead_d, serial_undead_a, serial_undead_c,
          serial_undead_c, serial_undead_d, ebering_ghost_disaster_area,
          corner_web_ring, uniq_menkaure, uniq_blork_the_orc, uniq_robin,
          uniq_edmund

Skill      XL: |  1  2  3  4  5  6 |
---------------+-------------------+-----
Dodging        | 3 |  3.8
Polearms       | 3 4 |  4.1
Fighting       | 5 |  5.2
Throwing       | 1 |  1.0
Stealth        | |  0.6
Shields        | |  3.8

Action                   |  1- 3 |  4- 6 || total
-------------------------+-------+-------++-------
Melee: Trident           |   120 |   209 ||   329
Throw: Dart              |     3 |    27 ||    30
  Use: Scroll            |       |     5 ||     5
Armor: Robe              |    41 |    58 ||    99
Dodge: Dodged            |    56 |    71 ||   127
Block: Kite shield       |    51 |    80 ||   131

Table legend: (Time is in decaauts)
 A = Elapsed time spent in this place.
 B = Non-inter-level travel time spent in this place.
 C = Inter-level travel time spent in this place.
 D = Time resting spent in this place.
 E = Time spent auto-exploring this place.
 F = Levels seen in this place.
 G = Mean time per level.
                   A        B        C        D        E       F      G
               +--------+--------+--------+--------+--------+-----+--------+
         Total |   5973 |   5973 |      0 |   1831 |   2968 |   4 | 1493.2 |
       Dungeon |   5973 |   5973 |      0 |   1831 |   2968 |   4 | 1493.2 |
               +--------+--------+--------+--------+--------+-----+--------+

Top non-repeatable levels by time:
     D:3: 3055 daAuts
     D:1: 1288 daAuts
     D:2: 904 daAuts
     D:4: 725 daAuts
